 Dungeon Crawl Stone Soup version 0.28-a0-1080-g05a166d0ed (webtiles) character file.

Game seed: 17138118430780863896

1905 Mamutox the Covert (level 8, 0/37 HPs)
             Began as a Spriggan Hunter on Dec 9, 2021.
             Killed from afar by Harold (14 damage)
             ... with a harpoon shot
             ... on level 7 of the Dungeon.
             The game lasted 00:37:35 (8445 turns).

Mamutox the Covert (Spriggan Hunter)                Turns: 8445, Time: 00:37:36

Health: 0/37       AC:  4    Str:  8    XL:     8   Next: 94%
Magic:  9/9        EV: 19    Int: 13    God:
Gold:   418        SH:  0    Dex: 17    Spells: 7/7 levels left

rFire   . . .      SeeInvis +   b - +2 dagger (venom)
rCold   . . .      Faith    .   (shield restricted)
rNeg    . . .      Spirit   .   c - +0 robe
rPois   .          Reflect  .   k - +2 hat
rElec   .          Harm     .   (no cloak)
rCorr   .          Rampage  .   (gloves unavailable)
Will    +....                   (boots unavailable)
Stlth   ++++++....              (no amulet)
HPRegen 0.12/turn               (no ring)
MPRegen 0.11/turn               (no ring)

@: marked, very quick
A: very small, no large weapons, unfitting armour, see invisible, speed 3
a: no special abilities


You were on level 7 of the Dungeon.
You visited 2 branches of the dungeon, and saw 8 of its levels.
You also visited: Ossuary.

You collected 418 gold pieces.

Inventory:

Hand Weapons
 a - a +1 hunting sling
 b - a +2 dagger of venom (weapon)
 e - a +0 short sword of holy wrath
 j - a +0 dagger of electrocution
Missiles
 d - 12 sling bullets
 g - 114 stones (quivered)
 m - 67 arrows
 v - 5 atropa-tipped darts
Armour
 c - a +0 robe (worn)
 k - a +2 hat (worn)
Jewellery
 i - an amulet of magic regeneration
Wands
 p - a wand of iceblast (12)
 y - a wand of flame (26)
Scrolls
 f - 3 scrolls of identify
 r - 3 scrolls of fog {unknown}
 s - a scroll of fear {unknown}
 t - a scroll of enchant weapon {unknown}
 w - a scroll of magic mapping {unknown}
 z - a scroll of amnesia {unknown}
 A - 2 scrolls of enchant armour {unknown}
 D - a scroll of blinking {unknown}
Potions
 h - 3 potions of haste
 l - 2 potions of experience {unknown}
 n - 2 potions of heal wounds {unknown}
 o - 3 potions of curing {unknown}
 q - 3 potions of attraction {unknown}
 u - 2 potions of lignification {unknown}
 x - a potion of magic {unknown}
 B - a potion of cancellation {unknown}
 C - 2 potions of might {unknown}


   Skills:
 + Level 1.5 Fighting
 - Level 6.6 Short Blades
 - Level 6.1 Slings
 + Level 4.2 Dodging
 - Level 13.7 Stealth


You had 7 spell levels left.
You didn't know any spells.
Your spell library contained the following spells:

 Spells                   Type           Power      Damage    Failure   Level
 Magic Dart               Conj           0%         1d3       30%         1
 Slow                     Hex            0%         N/A       30%         1
 Call Imp                 Summ           0%         N/A       43%         2
 Ensorcelled Hibernation  Hex/Ice        0%         N/A       43%         2
 Confusing Touch          Hex            0%         N/A       67%         3
 Mephitic Cloud           Conj/Pois/Air  0%         N/A       67%         3
 Tukima's Dance           Hex            0%         N/A       67%         3
 Vampiric Draining        Necr           0%         2d6       67%         3


Dungeon Overview and Level Annotations

Branches:
Dungeon (7/15)             Temple (1/1) D:5         Ossuary (visited)

Altars:
Ashenzari
Cheibriados
Elyvilon
Fedhas
Gozag
Hepliaklqana
Kikubaaqudgha
Nemelex Xobeh
Okawaru
Qazlal
Ru
Trog
Uskayaw
Vehumet
Wu Jian
Xom
Yredelemnul
Zin

Shops:
D:2 (   D:3 [

Annotations:
D:7 Harold


Innate Abilities, Weirdness & Mutations

You are very small and have problems with some larger weapons.
You are too small for most types of armour.
You have supernaturally acute eyesight. (SInv)
You cover ground extremely quickly. (Speed+++)


Message History

You start resting.
HP restored.
Harold shouts!
Harold throws a throwing net.
The throwing net hits you.
You become entangled in the net!
You see here a throwing net.
You struggle against the net.
You tear a large gash into the net.
Harold casts a spell at you. A sentinel's mark forms upon you.
You rip the net and break free!
Harold casts a spell at you.
You barely resist.
Press: ? - help, v - describe, . - travel
Here: Harold, wielding a +0 trident, wearing a +0 chain mail and quivering 4 throwing nets The floor.
Press: ? - help, v - describe, . - travel A rock wall.
Harold throws a throwing net.
The throwing net completely misses you.
You hit Harold.
Harold is poisoned.
Harold is lightly wounded.
Harold casts a spell at you.
You barely resist. You barely miss Harold.
Harold is lightly wounded.
You hit Harold but do no damage.
Harold looks as sick as possible!
Harold is lightly wounded.
Harold closely misses you.
You hit Harold but do no damage.
Harold is lightly wounded.
Harold says, "Try to look on the bright side.
Your death will help put my children through school."
Harold hits you with a +0 trident.
You hit Harold but do no damage.
Harold is lightly wounded.
Harold hits you with a +0 trident!! Harold gestures at you while chanting.
The mark upon you grows brighter. Harold fires a harpoon shot at you.
The harpoon shot hits you!
You die...

.....#.. #.#.##...≈≈
#....#.# #......≈..≈
....#.# #......≈≈..
...#.# #.#.#......
##..#.#.. #....≈≈..
...#.#######..≈..≈
######.#.......#....≈≈
#.........@....#.#....
#....@#####.(###.#....
#..............#.#....
#........#####.#.#....
#..........#...#.#....
####........#.##..#......
#........#..#.#...#######
#.....................#
#....######.......###.###
#....# #.....<...#.##.


You could see Harold (very poisoned).

Vanquished Creatures
  Pikel (D:4)
  Grinder (D:4)
  A water moccasin (D:7)
  A black bear (D:6)
  A necrophage (D:7)
  An ogre (D:6)
  Blork the orc (D:4)
  3 scorpions
  3 wights (D:6)
  2 centaur zombies
  A jelly (D:5)
  An orc priest (D:6)
  A scorpion zombie (D:5)
  2 iguanas (D:6)
  3 orc wizards
  3 mummies (Ossuary)
  7 gnolls
  A howler monkey skeleton (D:6)
  4 adders
  A shadow imp (D:6)
  2 ufetubi (D:5)
  An adder skeleton (D:4)
  2 dart slugs
  10 orcs
  2 bats (D:1)
  7 endoplasms
  4 giant cockroaches
  2 gnoll zombies (Ossuary)
  2 goblins
  5 hobgoblins
  A quokka (D:3)
  5 ball pythons
  2 goblin zombies (Ossuary)
  2 hobgoblin zombies (Ossuary)
  A kobold (D:4)
  A kobold zombie (Ossuary)
  6 rats
94 creatures vanquished.

Vanquished Creatures (others)
  36 fungi (D:5)
  A plant (D:2)
37 creatures vanquished.

Grand Total: 131 creatures vanquished

Notes
Turn   | Place    | Note
-------+----------+-------------------------------------------
     0 | D:1      | Mamutox the Spriggan Hunter began the quest for the Orb.
     0 | D:1      | Reached XP level 1. HP: 10/10 MP: 2/2
   305 | D:1      | Reached skill level 1 in Short Blades
   305 | D:1      | Reached skill level 2 in Stealth
   460 | D:1      | Reached XP level 2. HP: 14/14 MP: 3/3
   497 | D:1      | Reached skill level 5 in Slings
   624 | D:2      | Reached XP level 3. HP: 18/18 MP: 4/4
   651 | D:2      | Reached skill level 3 in Stealth
   968 | D:2      | Found Qepe Marph's Antique Weapon Emporium.
  1033 | D:2      | Reached XP level 4. HP: 22/22 MP: 5/5
  1053 | D:2      | Found a faded altar of an unknown god.
  1864 | D:3      | Reached skill level 4 in Stealth
  2030 | D:3      | Reached XP level 5. HP: 25/25 MP: 6/6
  2126 | D:3      | Found Xidepa's Antique Armour Emporium.
  2212 | D:3      | Reached skill level 5 in Stealth
  2396 | D:4      | Noticed a lemure
  2398 | D:4      | Noticed a lemure
  2408 | D:4      | Noticed Blork the orc
  2422 | D:4      | Found a radiant altar of Vehumet.
  3059 | D:5      | Entered Level 5 of the Dungeon
  3061 | D:5      | Found a white marble altar of Elyvilon.
  3061 | D:5      | Found an ornate altar of the Wu Jian Council.
  3129 | D:5      | Reached skill level 6 in Stealth
  3207 | D:4      | Noticed Pikel
  3442 | D:4      | Reached skill level 7 in Stealth
  3442 | D:4      | Reached XP level 6. HP: 15/30 MP: 7/7
  3833 | D:4      | Killed Blork the orc
  3834 | D:4      | Reached skill level 8 in Stealth
  4147 | D:4      | Killed Pikel
  4148 | D:4      | Reached skill level 11 in Stealth
  4148 | D:4      | Reached XP level 7. HP: 24/33 MP: 8/8
  4386 | D:4      | Noticed Grinder
  4389 | D:4      | Killed Grinder
  4390 | D:4      | Reached XP level 8. HP: 37/37 MP: 9/9
  4598 | D:5      | Found an ancient bone altar of Kikubaaqudgha.
  4628 | D:5      | Found a blossoming altar of Fedhas.
  4752 | D:5      | Found an iron altar of Okawaru.
  4787 | D:5      | Found a staircase to the Ecumenical Temple.
  4804 | Temple   | Entered the Ecumenical Temple
  5626 | D:6      | Reached skill level 12 in Stealth
  5702 | D:6      | Found a sand-covered staircase.
  5711 | Ossuary  | Entered an ossuary
  6090 | Ossuary  | Reached skill level 5 in Short Blades
  7055 | D:6      | Reached skill level 13 in Stealth
  7438 | D:7      | Found a glowing silver altar of Zin.
  8327 | D:7      | Noticed Harold
  8445 | D:7      | Killed from afar by Harold

Illustrated notes

Levels and vault maps discovered:
D:1:      amcnicky_arrival_feature_with_door, layout_basic, serial_bayou_lake_a
D:2:      layout_basic, shapermc_ecumenical_altar_mp_ritualfount, serial_shops,
          shop_coins
D:3:      layout_basic, serial_shops, shop, item_on_display_a
D:4:      layout_loops_ring, nicolae_vehumet_altar_sigil, uniq_grinder,
          uniq_blork_the_orc, uniq_pikel
D:5:      layout_loops_ring, grunt_temple_overflow_growth_and_decay,
          okawaru_gym_becter, mainiacjoe_overflow_catch_the_wave,
          minmay_temple_entry_glassed_door, hangedman_abyss_or_decor_lesser_grid
D:6:      layout_loops_corners, nicolae_ossuary_entry_ruins
D:7:      layout_basic, mainiacjoe_overflow_small_starburst,
          minmay_misc_feat_square, uniq_crazy_yiuf_cottage, uniq_harold
Temple:   jpeg_temple_clearing

Skill      XL: |  1  2  3  4  5  6  7  8 |
---------------+-------------------------+-----
Short Blades   | 1 2 3 6 |  6.6
Stealth        | 2 3 4 7 11 13 | 13.7
Slings         | 5 6 |  6.1
Dodging        | 4 |  4.2
Fighting       | |  1.5

Action                   |  1- 3 |  4- 6 |  7- 9 || total
-------------------------+-------+-------+-------++-------
Melee: Dagger            |     1 |    44 |    78 ||   123
       Hunting sling     |     1 |       |       ||     1
       Short sword       |       |       |    61 ||    61
 Fire: Hunting sling     |    59 |   105 |    27 ||   191
Throw: Stone             |       |     1 |     3 ||     4
  Use: Scroll            |       |       |     1 ||     1
 Stab: Sleeping          |     1 |     5 |    14 ||    20
       Distracted        |       |     1 |     2 ||     3
Armor: Robe              |       |     4 |    21 ||    25
Dodge: Dodged            |     5 |    29 |    96 ||   130

Table legend: (Time is in decaauts)
 A = Elapsed time spent in this place.
 B = Non-inter-level travel time spent in this place.
 C = Inter-level travel time spent in this place.
 D = Time resting spent in this place.
 E = Time spent auto-exploring this place.
 F = Levels seen in this place.
 G = Mean time per level.
                   A        B        C        D        E       F      G
               +--------+--------+--------+--------+--------+-----+--------+
         Total |   6010 |   5938 |     72 |   1635 |   1660 |   9 |  667.8 |
       Dungeon |   5416 |   5344 |     72 |   1481 |   1636 |   7 |  773.7 |
        Temple |    156 |    156 |      0 |      0 |     24 |   1 |  156.0 |
       Ossuary |    437 |    437 |      0 |    154 |      0 |   1 |  437.0 |
               +--------+--------+--------+--------+--------+-----+--------+

Top non-repeatable levels by time:
     D:4: 1754 daAuts
     D:6: 703 daAuts
     D:2: 697 daAuts
     D:5: 679 daAuts
     D:7: 663 daAuts
     D:3: 537 daAuts
 Ossuary: 437 daAuts
     D:1: 380 daAuts
  Temple: 156 daAuts
